 Dungeon Crawl Stone Soup version 0.20.0-15-g7f486f2 (webtiles) character file.

289 vishdafish the Ruffian (level 6, -19/57 HPs)
             Began as a Troll Transmuter on June 30, 2017.
             Killed from afar by Pikel (25 damage)
             ... with a wand of lightning (?/15)
             ... on level 4 of the Dungeon.
             The game lasted 00:05:34 (2382 turns).

vishdafish the Ruffian (Troll Transmuter)           Turns: 2382, Time: 00:05:34

Health: -19/57     AC:  5    Str: 19    XL:     6   Next: 9%
Magic:  8/8        EV: 10    Int:  9    God:
Gold:   175        SH:  0    Dex: 12    Spells: 8/9 levels left

rFire    . . .     SeeInvis .     - Unarmed
rCold    . . .     Gourm    +   (no shield)
rNeg     . . .     Faith    .   r - +0 animal skin (curse)
rPois    +         Spirit   .   (helmet restricted)
rElec    .         Reflect  .   (no cloak)
rCorr    .         Harm     .   (gloves unavailable)
MR       .....                  (boots unavailable)
Stlth    +.........             (no amulet)
Regen    0.6/turn               g - ring of poison resistance
MPRegen  0.2/turn               (no ring)

@: very slightly contaminated
A: unfitting armour, claws 3, fast metabolism 3, gourmand, regeneration 1,
shaggy fur 1, tough skin 2
a: no special abilities


You were on level 4 of the Dungeon.
You were not hungry.

You visited 1 branch of the dungeon, and saw 4 of its levels.

You collected 175 gold pieces.

Inventory:

Missiles
 a - 53 arrows
Armour
 b - a +0 robe
 r - a cursed +0 animal skin (worn)
Jewellery
 g - a ring of poison resistance (left claw)
Wands
 o - a wand of confusion (27/48)
Scrolls
 e - a scroll of identify
 f - 3 scrolls of recharging
 j - a scroll of fear {unknown}
 k - a scroll of enchant armour {unknown}
 l - 2 scrolls of remove curse
 m - a scroll of magic mapping {unknown}
 n - 3 scrolls of blinking
 s - a scroll of fog {unknown}
Potions
 h - a potion of might {unknown}
 i - a potion of curing {unknown}
 q - a potion of brilliance {unknown}
Books
 c - a book of Changes

   Spells                             Type                      Level
   a - Beastly Appendage              Transmutation                1
   b - Sticks to Snakes               Transmutation                2
   c - Spider Form                    Transmutation/Poison         3
   d - Ice Form                       Ice/Transmutation            4
   e - Blade Hands                    Transmutation                5
Comestibles
 d - 2 bread rations
 p - a meat ration


   Skills:
 + Level 2.1 Fighting
 - Level 1.5 Dodging
 * Level 4.9 Unarmed Combat
 + Level 2.0 Spellcasting
 + Level 2.6 Transmutations


You had 8 spell levels left.
You knew the following spells:

 Your Spells              Type           Power        Failure   Level  Hunger
a - Beastly Appendage     Tmut           #.....       12%         1    ##.....


Dungeon Overview and Level Annotations

Branches:
Dungeon (4/15)
 Temple: D:4-7

Altars:
Uskayaw
Vehumet
The Shining One

Annotations:
D:4 Pikel


Innate Abilities, Weirdness & Mutations

You are too large for most types of armour.
You have claws for hands.
Your metabolism is lightning-fast.
You like to eat raw meat.
Your natural rate of healing is unusually fast.
You are covered in fur. (AC +1)
You have very tough skin. (AC +2)


Message History

Pikel is moderately wounded.
The slave hits you. x2; The slave hits you but does no damage.
Pikel hits you but does no damage.
You are electrocuted!
* * * LOW HITPOINT WARNING * * *
You barely miss Pikel.
Pikel is moderately wounded.
The slave hits you but does no damage. The slave hits you.
* * * LOW HITPOINT WARNING * * *
The slave hits you!
* * * LOW HITPOINT WARNING * * *
Pikel hits you but does no damage. The slave hits you.
* * * LOW HITPOINT WARNING * * *
Okay, then.
Okay, then.
Blink to where?
Press: ? - help, Dir - move target cursor You are very lightly contaminated with residual magic.
As you read the scroll labeled XUESHO GEDUHI, it crumbles to dust.
It was a scroll of blinking.
Pikel zaps a wand.
The bolt of lightning hits you!
You die...

#.....# ###.....#
#.......[#
#######.##.....#
#..............#
#.........Kp<..#
#.........p.p....#
#........p.......#
#...@...............
#####.####.......##.
#... ..........
#.............#
(........###.#
####.. #


You could see Pikel and 3 slaves.

Vanquished Creatures
  The ghost of vishdafish the Sneak, an amateur NaFi (D:3)
  An orc priest (D:3)
  A worker ant (D:3)
  Robin (D:3)
  3 adders (D:2)
  4 worms
  2 dart slugs
  2 leopard geckos
  4 orcs (D:3)
  2 ball pythons
  9 bats
  14 goblins
  10 hobgoblins
  11 jackals
  7 kobolds
  2 quokkas
  6 frilled lizards
  6 rats
86 creatures vanquished.

Notes
Turn   | Place    | Note
-------+----------+-------------------------------------------
     0 | D:1      | vishdafish the Troll Transmuter began the quest for the Orb.
     0 | D:1      | Reached XP level 1. HP: 18/18 MP: 1/1
    51 | D:1      | Reached skill level 1 in Fighting
    81 | D:1      | Reached XP level 2. HP: 27/27 MP: 3/3
   793 | D:2      | Reached XP level 3. HP: 21/33 MP: 4/4
  1144 | D:2      | Reached XP level 4. HP: 41/41 MP: 5/5
  1363 | D:3      | Found a glowing golden altar of the Shining One.
  1374 | D:3      | Reached skill level 4 in Unarmed Combat
  1572 | D:3      | Noticed Robin
  1613 | D:3      | Killed Robin
  1933 | D:3      | Found a radiant altar of Vehumet.
  1933 | D:3      | Found a hide-covered altar of Uskayaw.
  1959 | D:3      | Noticed vishdafish's ghost (amateur NaFi)
  1967 | D:3      | HP: 2/41 [orc/whip (2)]
  2079 | D:3      | Reached XP level 5. HP: 48/48 MP: 6/6
  2280 | D:3      | Killed vishdafish's ghost
  2296 | D:3      | Reached XP level 6. HP: 57/57 MP: 8/8
  2338 | D:4      | Noticed Pikel
  2338 | D:4      | Noticed a slave
  2338 | D:4      | Noticed a slave
  2339 | D:4      | Noticed a slave
  2340 | D:4      | Noticed a slave
  2382 | D:4      | Killed from afar by Pikel

Skill      XL: |  1  2  3  4  5 |
---------------+----------------+-----
Fighting       | 1 2 |  2.1
Transmutations | 2 |  2.6
Unarmed Combat | 4 |  4.9
Spellcasting   | 2 |  2.0
Dodging        | |  1.5

Action                   |  1- 3 |  4- 6 || total
-------------------------+-------+-------++-------
Melee: Unarmed           |    85 |   142 ||   227
       Punch             |     1 |     1 ||     2
  Use: Scroll            |       |     3 ||     3
       Potion            |       |     1 ||     1
 Stab: Sleeping          |     2 |       ||     2
  Eat: Chunk             |     8 |     3 ||    11
       Bread ration      |     1 |       ||     1
       Meat ration       |       |     1 ||     1
Armor: Robe              |    41 |    24 ||    65
       Animal skin       |       |    18 ||    18
Dodge: Dodged            |    55 |    68 ||   123
